 Dungeon Crawl Stone Soup version 0.29.1-2-gbd0b4ee654 (webtiles) character file.

Game seed: 17770311453793626988

279 Icepheonix32 the Insei (level 5, 0/40 HPs)
             Began as a Demigod Transmuter on Nov 11, 2022.
             Slain by an iguana (3 damage)
             ... on level 4 of the Dungeon.
             The game lasted 00:03:36 (4378 turns).

Icepheonix32 the Insei (Demigod Transmuter)         Turns: 4378, Time: 00:03:37

Health: 0/40       AC:  4    Str: 15    XL:     5   Next: 75%
Magic:  11/11      EV: 12    Int: 19    God:
Gold:   122        SH:  0    Dex: 14    Spells: 3/9 levels left

rFire   . . .      SeeInvis .     - Unarmed
rCold   . . .      Faith    .   (no shield)
rNeg    . . .      Spirit   .   o - +1 leather armour of Inference {Str+4}
rPois   .          Reflect  .   (helmet currently unavailable)
rElec   .          Harm     .   b - scarf {shadows}
rCorr   .          Rampage  .   (no gloves)
Will    .....                   (boots currently unavailable)
Stlth   +.........              (no amulet)
HPRegen 0.13/turn               (no ring)
MPRegen 0.12/turn               (no ring)

@: appendages (expiring)
A: horns 2, talons 2, high MP 1, forlorn, divine attributes
a: End Transformation


You were on level 4 of the Dungeon.
You had temporarily grown beastly horns and talons.
You visited 1 branch of the dungeon, and saw 4 of its levels.

You collected 122 gold pieces.

Inventory:

Missiles
 i - 4 silver javelins
 j - a throwing net
 p - 2 javelins
Armour
 a - a +0 robe
 b - a scarf of shadows (worn)
 n - a +0 ring mail
 o - the +1 leather armour of Inference (worn) {Str+4}
   (You found it on level 3 of the Dungeon)

   Str:       It affects your strength (+4).
Wands
 h - a wand of charming (11)
 l - a wand of flame (5)
Scrolls
 c - 3 scrolls of teleportation
 f - a scroll of poison {unknown}
 g - 2 scrolls of fear {unknown}
Potions
 d - a potion of attraction {unknown}
 e - a potion of curing {unknown}
 k - a potion of cancellation {unknown}
 m - 3 potions of magic {unknown}


   Skills:
 + Level 1.0 Fighting
 + Level 0.1 Armour
 + Level 2.2 Dodging
 + Level 0.7 Stealth
 + Level 3.9 Unarmed Combat
 + Level 2.6 Spellcasting
 * Level 3.3 Transmutations
 * Level 2.0 Poison Magic


You had 3 spell levels left.
You knew the following spells:

 Your Spells              Type           Power      Damage    Failure   Level
a - Beastly Appendage     Tmut           30%        N/A       4%          1
b - Spider Form           Tmut/Pois      12%        N/A       19%         3
c - Wereblood             Tmut           15%        N/A       8%          2

Your spell library contained the following spells:

 Spells                   Type           Power      Damage    Failure   Level
 Slow                     Hex            8%         N/A       21%         1
 Confusing Touch          Hex            2%         N/A       52%         3
 Vampiric Draining        Necr           2%         2d6       52%         3
 Ice Form                 Ice/Tmut       8%         N/A       69%         4


Dungeon Overview and Level Annotations

Branches:
Dungeon (4/15)
 Temple: D:4-7

Annotations:
D:3 1 runed translucent door, lambentLogic's ghost, amateur KoEn


Innate Abilities, Weirdness & Mutations

You have temporarily grown beastly horns and talons.
You have an increased reservoir of magic. (+10% MP)
You shall have no god before yourself.
Your divine heritage dramatically boosts your attributes as you level up.


Message History

The iguana is moderately wounded.
The iguana bites you.
You barely miss the iguana. You claw the iguana.
Your headbutt misses the iguana.
The iguana is moderately wounded.
The iguana barely misses you.
You hit the iguana but do no damage. Your punch misses the iguana.
The iguana is moderately wounded.
The iguana closely misses you.
You barely miss the iguana. You claw the iguana, but do no damage.
The iguana is moderately wounded.
The iguana bites you!
You closely miss the iguana.
You headbutt the iguana, but do no damage.
The iguana is moderately wounded.
You hit the iguana. You headbutt the iguana.
The iguana is severely wounded.
The iguana bites you!
You are too injured to fight recklessly!
You hit the iguana but do no damage.
The iguana is severely wounded.
The iguana bites you.
You hit the iguana.
The iguana is severely wounded.
The iguana bites you!
* * * LOW HITPOINT WARNING * * *
You closely miss the iguana. Your kick misses the iguana.
The iguana is severely wounded.
The iguana barely misses you.
A quokka comes into view.
You barely miss the iguana.
The iguana is severely wounded.
The iguana closely misses you.
You hit the iguana but do no damage. You claw the iguana.
The iguana is almost dead.
Your transformation is almost over.
The iguana misses you.
Unknown command.
The iguana bites you.
You die...

# #.......##.#
#!##.##.....#.#
#.......#.<.#.##
#.##.###....)†<#
# #.###.......#
#........##.#
#####.##....#
#.#####.#
#@#####.#
#.l.....#
#r......
#.###.#. #.# #
... #.# #.#


You could see an iguana and a quokka.

Vanquished Creatures
  An ogre (D:3)
  Ijyb (D:3)
  Natasha (thrice) (D:3)
  A gnoll (D:2)
  2 adders
  4 dart slugs
  An orc (D:4)
  5 endoplasms
  4 giant cockroaches
  3 goblins (D:1)
  9 hobgoblins
  2 jackals (D:2)
  3 quokkas
  8 ball pythons
  5 bats
  3 frilled lizards
  3 kobolds
  3 rats
61 creatures vanquished.

Notes
Turn   | Place    | Note
-------+----------+-------------------------------------------
     0 | D:1      | Icepheonix32 the Demigod Transmuter began the quest for the
                  | Orb.
     0 | D:1      | Reached XP level 1. HP: 15/15 MP: 5/5
   334 | D:1      | Reached XP level 2. HP: 14/22 MP: 5/7
  1133 | D:1      | Reached XP level 3. HP: 25/27 MP: 6/8
  1610 | D:2      | Learned a level 3 spell: Spider Form
  1613 | D:2      | Learned a level 2 spell: Wereblood
  2970 | D:3      | Reached skill level 1 in Poison Magic
  2970 | D:3      | Reached XP level 4. HP: 28/34 MP: 7/9
  3049 | D:3      | Found a runed translucent door.
  3049 | D:3      | Noticed lambentLogic's ghost (amateur KoEn)
  3088 | D:3      | Noticed Natasha
  3091 | D:3      | Noticed an ogre
  3100 | D:3      | Killed Natasha
  3103 | D:3      | Killed an ogre
  3104 | D:3      | Reached skill level 1 in Fighting
  3104 | D:3      | Reached XP level 5. HP: 12/40 MP: 6/11
  3539 | D:3      | Noticed Ijyb
  3552 | D:3      | Killed Ijyb
  3748 | D:3      | Identified the +1 leather armour of Inference {Str+4}
  3896 | D:3      | Noticed Natasha
  3906 | D:3      | Killed Natasha
  3911 | D:3      | Noticed Natasha
  3932 | D:3      | Killed Natasha
  4378 | D:4      | Slain by an iguana

Illustrated notes

Levels and vault maps discovered:
D:1:      dpeg_arrival_lava_altar, layout_basic, minmay_misc_feat_hallway,
          minmay_tree_intersection
D:2:      layout_loops_corners, minmay_misc_feat_iff, cheibrodos_gnoll_hut
D:3:      layout_loops_ring, gammafunk_ghost_grave,
          hellmonk_ecumenical_altar_run_dry, uniq_natasha, uniq_ijyb
D:4:      layout_loops_cross, nicolae_sif_muna_little_library,
          nicolae_gozag_zags_fifth_avenue,
          nicolae_hepliaklqana_monster_ancestors, uniq_pikel,
          uniq_blork_the_orc, uniq_menkaure

Skill      XL: |  1  2  3  4  5 |
---------------+----------------+-----
Unarmed Combat | 3 |  3.9
Spellcasting   | 2 |  2.6
Transmutations | 2 3 |  3.3
Dodging        | 2 |  2.2
Poison Magic   | 1 2 |  2.0
Fighting       | 1 |  1.0
Armour         | |  0.1
Stealth        | |  0.7

Action                   |  1- 3 |  4- 6 || total
-------------------------+-------+-------++-------
Melee: Unarmed           |   118 |    66 ||   184
       Kick              |    35 |    10 ||    45
       Headbutt          |     9 |     7 ||    16
       Punch             |     2 |     2 ||     4
 Cast: Beastly Appendage |    35 |     9 ||    44
       Spider Form       |       |     1 ||     1
  Use: Scroll            |     1 |       ||     1
       Potion            |       |     1 ||     1
 Stab: Sleeping          |     2 |       ||     2
Armor: Robe              |    21 |     6 ||    27
       Skin              |       |     2 ||     2
       Leather armour    |       |     2 ||     2
Dodge: Dodged            |    68 |    31 ||    99
